 Dungeon Crawl Stone Soup version 0.17-a0-1882-g750edc8 (webtiles) character file.

149 Feirund the Magician (level 5, 0/28 HPs)
             Began as a Deep Elf Fire Elementalist on Sept 22, 2015.
             Slain by a gnoll
             ... wielding a +0 spear
              (8 damage)
             ... on level 3 of the Dungeon.
             The game lasted 00:11:00 (2122 turns).

Feirund the Magician (Deep Elf Fire Elementalist)   Turns: 2122, Time: 00:11:00

Health: 0/28       AC:  2    Str:  5    XL:     5   Next: 9%
Magic:  13/16      EV: 13    Int: 21    God:
Gold:   104        SH:  0    Dex: 15    Spells: 2 memorised, 13 levels left

rFire  . . .     SeeInvis .     (no weapon)
rCold  . . .     Clarity  .     a - +0 robe
rNeg   . . .     SustAt   .     (no shield)
rPois  .         Gourm    .     (no helmet)
rElec  .         Spirit   .     (no cloak)
rCorr  .         Warding  .     (no gloves)
rMut   .         Stasis   .     (no boots)
MR     .....                    (no amulet)
Stlth  ++........               (no ring)
                                (no ring)

@: very slightly contaminated, not resistant to hostile enchantments, unstealthy
A: no striking features
a: no special abilities


You were on level 3 of the Dungeon.
You were hungry.

You visited 1 branch of the dungeon, and saw 3 of its levels.

You collected 104 gold pieces.

Inventory:

Armour
 a - a +0 robe (worn)
Scrolls
 i - a scroll of remove curse
 l - a scroll of noise {unknown}
 n - a scroll of teleportation {unknown}
Potions
 d - a potion of curing
 e - a potion of haste {unknown}
 f - a potion of agility {unknown}
 g - a potion of brilliance {unknown}
 k - a potion of degeneration {unknown}
Books
 b - a book of Flames

   Spells                             Type                      Level
   a - Flame Tongue                   Conjuration/Fire             1
   b - Throw Flame                    Conjuration/Fire             2
   c - Conjure Flame                  Conjuration/Fire             3
   d - Inner Flame                    Hexes/Fire                   3
   e - Sticky Flame                   Conjuration/Fire             4
   f - Fireball                       Conjuration/Fire             5
Comestibles
 c - 5 bread rations
 j - 4 chunks of flesh
 m - 3 meat rations


   Skills:
 - Level 2.4 Dodging
 - Level 2.4 Stealth
 - Level 6.6 Spellcasting
 * Level 2.4 Conjurations
 - Level 3.2 Fire Magic


You had 13 spell levels left.
You knew the following spells:

 Your Spells              Type           Power        Failure   Level  Hunger
a - Flame Tongue          Conj/Fire      ###..        2%          1    None
b - Conjure Flame         Conj/Fire      ###.....     10%         3    #......


Dungeon Overview and Level Annotations

Branches:
Dungeon (3/15)

Altars:
The Shining One


Message History

Casting: Flame Tongue
Confirm with . or Enter, or press ? or * to list all spells.
Aiming: Flame Tongue
Press: ? - help, Shift-Dir - straight line, f/p - gnoll
Aim: a gnoll, wielding a spear (moderately wounded)
The flame tongue hits the gnoll.
The gnoll is almost dead.
The gnoll hits you but does no damage.
Unknown command.
Unknown command.
Casting: Flame Tongue
Confirm with . or Enter, or press ? or * to list all spells.
Aiming: Flame Tongue
Press: ? - help, Shift-Dir - straight line, f/p - gnoll
Aim: a gnoll, wielding a spear (almost dead)
You miscast Flame Tongue.
You are very lightly contaminated with residual magic.
Nothing appears to happen.
The gnoll hits you from afar with a spear!
You die...

...
#.###...###....#.# #.
#.##.............# #
#....#...#.......#
#.###....#.......# ..
#.....#.....#.#
......#gg##...[.#.#
######g##........#
#.##.#.###..#
#@#..#......##
#...###...#..# ...##
####...## .....
#.(#....#### .......
#..'....รท...
..#.###########...###
...#. #.....##. #..
#. #.#...##.
#.######.


You could see 3 gnolls.

Vanquished Creatures
  6 adders (D:2)
  3 gnolls (D:3)
  2 worms
  3 giant geckos
  A ball python (D:1)
  3 giant cockroaches
  5 hobgoblins
  6 jackals
  A quokka (D:2)
  5 bats
  6 giant newts
  9 goblins
  2 kobolds (D:1)
  8 rats
60 creatures vanquished.

Notes
Turn   | Place    | Note
--------------------------------------------------------------
     0 | D:1      | Feirund the Deep Elf Fire Elementalist began the quest for the Orb.
     0 | D:1      | Reached XP level 1. HP: 10/10 MP: 6/6
   155 | D:1      | Reached XP level 2. HP: 15/15 MP: 3/8
   159 | D:1      | Reached skill level 4 in Spellcasting
   910 | D:2      | Reached skill level 5 in Spellcasting
   910 | D:2      | Reached XP level 3. HP: 19/19 MP: 5/11
  1467 | D:2      | Reached skill level 6 in Spellcasting
  1467 | D:2      | Reached XP level 4. HP: 21/24 MP: 5/14
  1543 | D:2      | Found a glowing golden altar of the Shining One.
  1845 | D:3      | Learned a level 3 spell: Conjure Flame
  2023 | D:3      | Reached XP level 5. HP: 28/28 MP: 11/16
  2122 | D:3      | Slain by a gnoll

Vault maps used:
D:1:      grunt_arrival_crossed_arrows, serial_bayou_crossing
D:2:      minmay_item_behind_shaft, nicolae_tso_swordbearing_angel
D:3:      lemuel_castle_with_subvaults, lemuel_crystal_altar, led_sif_pool,
          supply_closet_lemuel, uniq_natasha

Action                   |  1- 3 |  4- 6 || total
-------------------------+-------+-------++-------
Melee: Unarmed           |     8 |     4 ||    12
 Cast: Flame Tongue      |    64 |    58 ||   122
  Use: Scroll            |       |     4 ||     4
 Stab: Sleeping          |     1 |     1 ||     2
  Eat: Chunk             |     1 |     2 ||     3
